 Dungeon Crawl Stone Soup version 0.27-a0-668-gb5737ff2c0 (webtiles) character file.

Game seed: 17153102333161861517

5951 jestyr24 the Destroyer (level 10, -16/74 HPs)
             Began as a Demonspawn Conjurer on Mar 17, 2021.
             Was a High Priest of Vehumet.
             Shot with an arrow by a centaur warrior (21 damage)
             ... on level 9 of the Dungeon.
             The game lasted 01:39:32 (11701 turns).

jestyr24 the Destroyer (Demonspawn Conjurer)       Turns: 11701, Time: 01:39:33

Health: -16/74     AC: 10    Str:  8    XL:     10   Next: 54%
Magic:  12/20      EV: 13    Int: 22    God:    Vehumet [*****.]
Gold:   497        SH:  0    Dex: 12    Spells: 1/23 levels left

rFire    . . .     SeeInvis +   t - +4 falchion
rCold    . . .     Faith    .   (no shield)
rNeg     . . .     Spirit   .   P - +0 steam dragon scales
rPois    +         Reflect  .   (no helmet)
rElec    .         Harm     .   E - +0 cloak
rCorr    .         Rampage  .   C - +0 pair of gloves
Will     .....                  s - +0 pair of boots
Stlth    +++.......             (no amulet)
HPRegen  0.22/turn              l - ring of see invisible
MPRegen  0.17/turn              q - ring of poison resistance

@: very slightly contaminated
A: talons 2, iridescent scales 1, demonic guardian 1
a: Renounce Religion


You were on level 9 of the Dungeon.
You worshipped Vehumet.
Vehumet was extremely pleased with you.
You visited 2 branches of the dungeon, and saw 10 of its levels.
You also visited: Ossuary.

You collected 497 gold pieces.

Inventory:

Hand Weapons
 e - a +0 dagger
 i - a +1 vorpal hunting sling
 n - a +2 vampiric hand axe
 r - a +2 dagger of venom
 t - a +4 falchion (weapon)
 v - a +1 vorpal halberd
 Q - a +3 dagger
Missiles
 d - 293 stones
 j - 48 sling bullets
 y - 56 poisoned darts
Armour
 a - a +0 robe
 s - a +0 pair of boots (worn)
 C - a +0 pair of gloves (worn)
 E - a +0 cloak (worn)
 P - +0 steam dragon scales (worn)
 V - a +0 troll leather armour
Magical Staves
 A - a staff of cold
 F - a staff of death
Jewellery
 l - a ring of see invisible (right hand)
 q - a ring of poison resistance (left hand)
 M - a ring of protection from fire
 N - a ring of fire
Wands
 p - a wand of charming (5)
 B - a wand of random effects (34)
 T - a wand of iceblast (7)
Scrolls
 b - 3 scrolls of amnesia
 c - 11 scrolls of identify
 g - 4 scrolls of teleportation
 u - 2 scrolls of magic mapping {unknown}
 w - 2 scrolls of fog {unknown}
 G - a scroll of summoning {unknown}
 H - a scroll of brand weapon {unknown}
 I - 2 scrolls of silence {unknown}
 K - a scroll of immolation {unknown}
 O - 2 scrolls of holy word {unknown}
Potions
 f - 6 potions of curing
 h - 3 potions of berserk rage
 k - a potion of haste {unknown}
 m - 3 potions of brilliance
 o - 2 potions of attraction {unknown}
 x - a potion of ambrosia {unknown}
 z - 3 potions of magic {unknown}
 D - 3 potions of lignification {unknown}
 J - a potion of degeneration {unknown}
 L - 2 potions of heal wounds {unknown}
 R - a potion of mutation {unknown}
 S - a potion of invisibility {unknown}
 U - 2 potions of might {unknown}


   Skills:
 - Level 5.3 Fighting
 - Level 0.3 Slings
 - Level 4.4 Dodging
 - Level 5.2 Stealth
 - Level 0.1 Unarmed Combat
 + Level 7.2 Spellcasting
 - Level 8.5 Conjurations
 - Level 2.0 Hexes
 - Level 3.8 Summonings
 * Level 5.8 Ice Magic


You had one spell level left.
You knew the following spells:

 Your Spells              Type           Power      Damage    Failure   Level
a - Magic Dart            Conj           100%       1d8       1%          1
b - Searing Ray           Conj           90%        3d6       1%          2
c - Fulminant Prism       Conj/Hex       15%        3d11      2%          4
d - Summon Ice Beast      Ice/Summ       29%        N/A       11%         4
e - Ozocubu's Refrigerat  Ice            16%        4d8       80%         7
f - Hailstorm             Conj/Ice       39%        3d9       1%          4

Your spell library contained the following spells:

 Spells                   Type           Power      Damage    Failure   Level
 Freeze                   Ice            100%       1d11      1%          1
 Shock                    Conj/Air       100%       1d9       1%          1
 Beastly Appendage        Tmut           14%        N/A       9%          1
 Sting                    Tmut/Pois      28%        1d4       9%          1
 Dazzling Flash           Conj/Hex       62%        N/A       1%          3
 Frozen Ramparts          Ice            66%        1d8       1%          3
 Static Discharge         Conj/Air       26%        N/A       1%          3
 Mephitic Cloud           Conj/Pois/Air  20%        N/A       2%          3
 Ozocubu's Armour         Ice            33%        N/A       2%          3
 Iskenderun's Mystic Bla  Conj/Tloc      26%        2d7       4%          4
 Ignite Poison            Fire/Tmut/Pois 7%         N/A       7%          3
 Confusing Touch          Hex            16%        N/A       11%         3
 Lightning Bolt           Conj/Air       13%        1d26      11%         5
 Poisonous Vapours        Pois/Air       14%        N/A       12%         2
 Swiftness                Air            7%         N/A       12%         2
 Wereblood                Tmut           7%         N/A       12%         2
 Airstrike                Air            3%         N/A       21%         4
 Olgreb's Toxic Radiance  Pois           7%         N/A       21%         4
 Gell's Gravitas          Tloc           3%         N/A       24%         3
 Spider Form              Tmut/Pois      3%         N/A       24%         3
 Ice Form                 Ice/Tmut       20%        N/A       24%         4
 Yara's Violent Unravell  Hex/Tmut       6%         3d5       36%         5
 Metabolic Englaciation   Hex/Ice        12%        N/A       41%         5
 Petrify                  Tmut/Erth      7%         N/A       63%         4
 Blade Hands              Tmut           3%         N/A       92%         5


Dungeon Overview and Level Annotations

Branches:
Dungeon (9/15)             Temple (1/1) D:4            Lair (0/6) D:9
Ossuary (visited)
    Orc: D:9-12

Altars:
Gozag
Nemelex Xobeh
Okawaru
Sif Muna
Trog
Vehumet
Xom
Yredelemnul

Shops:
D:9 !

Annotations:
D:3 1 runed translucent door, Crazy Yiuf
D:4 1 runed translucent door


Innate Abilities, Weirdness & Mutations

You have razor-sharp toenails.
You are partially covered in iridescent scales. (AC +2)
A weak demonic guardian rushes to your aid.


Message History

You feel your power returning.
A moth of wrath is nearby!
A moth of wrath is nearby!
You see here a +0 dagger.
You see here a +0 spear.
You see here a +0 club.
There is a bloodstained altar of Trog here.
A moth of wrath is nearby!
There is a stone staircase leading down here.
A centaur warrior is nearby!
Casting: Searing Ray (safe; 1% risk of failure)
Confirm with . or Enter, or press ? or * to list all spells.
Aiming: Magic Dart (safe; 1% risk of failure)
Press: ? - help, Shift-Dir - straight line, f - centaur warrior
Aim: a centaur warrior, wielding a +0 flail and quivering arrows (wandering, hasn't noticed you, 0% to evade)
The magic dart hits the centaur warrior.
The centaur warrior is lightly wounded.
The centaur warrior shouts!
The centaur warrior unwields a +0 flail.
The centaur warrior wields a +0 longbow.
The centaur warrior shoots an arrow.
The arrow hits you!!
The centaur warrior shoots an arrow.
The arrow hits you!
Casting: Magic Dart (safe; 1% risk of failure)
Confirm with . or Enter, or press ? or * to list all spells.
You miscast Summon Ice Beast.
You are very lightly contaminated with residual magic.
Your hands feel numb with cold!
Casting: Summon Ice Beast (dangerous; 11% risk of failure)
Confirm with . or Enter, or press ? or * to list all spells.
A chill wind blows around you.
The centaur warrior shoots an arrow.
The arrow hits you!
Your ice beast hits the centaur warrior but does no damage.
The centaur warrior shoots an arrow.
The arrow closely misses your ice beast.
The arrow hits you!!
* * * LOW HITPOINT WARNING * * *
A demonic guardian appears!
Your ice beast barely misses the centaur warrior.
The centaur warrior shoots an arrow.
The arrow hits you!!
You die...

.......#..................
.......#....P.P......##...
...........P.P..P......[..
..........)...............
....................##..#
...............#......###
...............c.#.>..##
...............#.#......
...............#@#.....#
............#.5Y.....#
.....................#
#...............###....#
#...............# ....#
#...............# ...#
###.##.........## ..#
#..##....#.#### #.#
#.......####


You could see a centaur warrior (ally target), a friendly ice beast (summoned)
and a friendly white imp (summoned).

Vanquished Creatures
  A two-headed ogre (D:8)
  Maggie (D:7)
  A troll (D:9)
  Sigmund (D:5)
  A steam dragon (D:9)
  An orc warrior (D:9)
  A sky beast (D:8)
  A black bear (D:9)
  3 ogres
  A lemure (D:4)
  3 centaurs
  2 phantoms
  A kobold brigand (D:8)
  3 elf zombies
  7 bullfrogs
  Blork the orc (D:5)
  3 elf skeletons (D:6)
  4 scorpions
  A water moccasin skeleton (D:6)
  6 killer bees
  4 wights (D:6)
  A centaur zombie (Ossuary)
  A quasit (D:7)
  6 hounds
  A human zombie (Ossuary)
  6 jellies
  5 orc priests
  2 centaur skeletons
  2 iguanas
  2 orc wizards
  A human skeleton (D:6)
  4 worker ants
  3 hound zombies
  3 mummies (Ossuary)
  Robin (D:4)
  18 adders
  A gnoll (D:6)
  3 shadow imps
  2 white imps
  2 ufetubi
  2 oozes
  An adder skeleton (D:9)
  4 adder zombies
  3 worms
  2 dart slugs (D:2)
  3 leopard geckos
  21 orcs
  5 ball pythons
  7 bats
  A bat zombie (D:1)
  7 giant cockroaches
  4 gnoll zombies (Ossuary)
  21 goblins
  8 hobgoblins
  7 jackals
  12 kobolds
  3 quokkas
  8 frilled lizards
  6 goblin zombies (Ossuary)
  3 hobgoblin zombies (Ossuary)
  4 jackal zombies (Ossuary)
  3 kobold zombies (Ossuary)
  A leopard gecko skeleton (D:5)
  An orc skeleton (D:6)
  4 orc zombies (Ossuary)
  A quokka zombie (Ossuary)
  7 rats
  4 rat zombies (Ossuary)
264 creatures vanquished.

Vanquished Creatures (collateral kills)
  Pikel (D:4)
  The ghost of CurlyBrace the Caller, a weakling FeSu (D:4)
  A gnoll zombie (Ossuary)
  A quokka zombie (Ossuary)
4 creatures vanquished.

Vanquished Creatures (others)
  21 fulminant prisms
  16 fungi (D:9)
  12 plants (D:9)
49 creatures vanquished.

Grand Total: 317 creatures vanquished

Notes
Turn   | Place    | Note
-------+----------+-------------------------------------------
     0 | D:1      | jestyr24 the Demonspawn Conjurer began the quest for the
                  | Orb.
     0 | D:1      | Reached XP level 1. HP: 13/13 MP: 3/3
   422 | D:1      | Gained mutation: You have sharp toenails. [demonic
                  | ancestry]
   422 | D:1      | Reached XP level 2. HP: 19/19 MP: 1/5
  1596 | D:2      | Reached XP level 3. HP: 18/25 MP: 1/6
  1901 | D:2      | Found a radiant altar of Vehumet.
  1907 | D:2      | Became a worshipper of Vehumet
  2154 | D:2      | Gained mutation: A weak demonic guardian rushes to your
                  | aid. [demonic ancestry]
  2154 | D:2      | Reached XP level 4. HP: 31/31 MP: 7/7
  2154 | D:2      | Found a basalt altar of Yredelemnul.
  2569 | D:3      | Reached * piety under Vehumet
  2569 | D:3      | Offered knowledge of Sandblast by Vehumet.
  2797 | D:3      | Reached skill level 1 in Fighting
  2799 | D:3      | Reached skill level 5 in Conjurations
  2799 | D:3      | Gained mutation: You are partially covered in iridescent
                  | scales. (AC +2) [demonic ancestry]
  2799 | D:3      | Reached XP level 5. HP: 29/37 MP: 9/9
  2992 | D:3      | Learned a level 2 spell: Searing Ray
  3096 | D:3      | Found a faded altar of an unknown god.
  3128 | D:3      | Found a runed translucent door.
  3129 | D:3      | Noticed Crazy Yiuf
  3302 | D:4      | Found a runed translucent door.
  3304 | D:4      | Noticed Robin
  3307 | D:4      | Noticed CurlyBrace's ghost (weakling FeSu)
  3318 | D:4      | Killed Robin
  3515 | D:4      | Killed CurlyBrace's ghost
  3590 | D:4      | Found a runed translucent door.
  3714 | D:4      | Reached ** piety under Vehumet
  3815 | D:4      | Found a staircase to the Ecumenical Temple.
  3820 | Temple   | Entered the Ecumenical Temple
  3851 | D:4      | Offered knowledge of Foxfire by Vehumet.
  4132 | D:4      | Noticed a lemure
  4132 | D:4      | Noticed a lemure
  4153 | D:4      | Killed a lemure
  4204 | D:4      | Noticed Pikel
  4205 | D:4      | Noticed a lemure
  4206 | D:4      | Noticed a lemure
  4231 | D:4      | Killed Pikel
  4232 | D:4      | Reached skill level 6 in Conjurations
  4232 | D:4      | Reached XP level 6. HP: 15/46 MP: 1/12
  4232 | D:4      | Reached XP level 7. HP: 17/51 MP: 1/13
  5120 | D:5      | Entered Level 5 of the Dungeon
  5124 | D:5      | Found a shimmering altar of Xom.
  5332 | D:5      | Reached skill level 5 in Spellcasting
  5561 | D:5      | Gained mutation: You have razor-sharp toenails. [demonic
                  | ancestry]
  5561 | D:5      | Reached XP level 8. HP: 55/57 MP: 15/15
  5583 | D:5      | Noticed Sigmund
  5595 | D:5      | Killed Sigmund
  5711 | D:5      | Found an opulent altar of Gozag.
  5763 | D:5      | Reached skill level 7 in Conjurations
  5841 | D:5      | Noticed Blork the orc
  5842 | D:5      | Offered knowledge of Inner Flame by Vehumet.
  5849 | D:5      | Killed Blork the orc
  6286 | D:6      | Found a sparkling altar of Nemelex Xobeh.
  6306 | D:6      | Reached *** piety under Vehumet
  6312 | D:6      | Learned a level 4 spell: Fulminant Prism
  6731 | D:6      | Found a sand-covered staircase.
  6821 | Ossuary  | Entered an ossuary
  6888 | Ossuary  | Offered knowledge of Sticky Flame by Vehumet.
  6909 | Ossuary  | Reached skill level 5 in Stealth
  6909 | Ossuary  | Reached XP level 9. HP: 21/64 MP: 7/18
  7639 | Ossuary  | Reached **** piety under Vehumet
  7654 | Ossuary  | Offered knowledge of Yara's Violent Unravelling by Vehumet.
  7660 | Ossuary  | Learned a level 4 spell: Summon Ice Beast
  8157 | D:6      | Found an iron altar of Okawaru.
  8241 | D:6      | Reached skill level 1 in Ice Magic
  8246 | D:6      | Reached skill level 8 in Conjurations
  8799 | D:7      | Reached skill level 1 in Summonings
  8968 | D:7      | Found a shimmering blue altar of Sif Muna.
  8989 | D:7      | Reached skill level 1 in Hexes
  9112 | D:7      | Noticed Maggie
  9129 | D:7      | Killed Maggie
  9536 | D:7      | Identified the +0 cloak of the Bulwark {rC++ rCorr Int-5}
 10035 | D:8      | Reached XP level 10. HP: 50/73 MP: 16/20
 10212 | D:8      | Reached ***** piety under Vehumet
 10213 | D:8      | Reached skill level 5 in Fighting
 10299 | D:8      | Noticed a two-headed ogre
 10308 | D:8      | Killed a two-headed ogre
 10308 | D:8      | Offered knowledge of Ozocubu's Refrigeration by Vehumet.
 10462 | D:8      | Learned a level 7 spell: Ozocubu's Refrigeration
 10924 | D:9      | Found Fossaig's Distillery.
 10964 | D:9      | Noticed a centaur warrior
 10971 | D:9      | Reached skill level 5 in Ice Magic
 11262 | D:9      | Learned a level 4 spell: Hailstorm
 11302 | D:9      | Found a staircase to the Lair.
 11598 | D:9      | Noticed a moth of wrath
 11601 | D:9      | Found a bloodstained altar of Trog.
 11701 | D:9      | Shot with an arrow by a centaur warrior

Illustrated notes

Levels and vault maps discovered:
D:1:      saegor_arrival_fortress, layout_basic, minmay_misc_feat_encased,
          minivault_27
D:2:      layout_rooms, lemuel_doored_altar, yredelemnul_altar_generic,
          kennysheep_donut, minmay_split_cup_small
D:3:      layout_rooms, chequers_ecumenical_altar_simple_redux,
          minmay_crystal_water, uniq_crazy_yiuf_cottage
D:4:      layout_cave_pods, minmay_temple_entry_butterflies,
          ebering_ghost_sewer_f, minmay_increasing_density, uniq_robin,
          uniq_pikel
D:5:      layout_rooms, kennysheep_mini, grunt_gozag_breadcrumbs, uniq_sigmund,
          uniq_blork_the_orc
D:6:      minmay_spotlight, layout_basic, old_standard_altar, okawaru_trees_2,
          nicolae_ossuary_entry_catacombs
D:7:      layout_rooms, nicolae_sif_muna_condensation, grunt_ministairs_4,
          uniq_maggie
D:8:      layout_rooms, interstate_on_off
D:9:      minmay_curly_fans, layout_cave_pools, tgw_trog,
          grunt_lair_entry_orc_guard_hut, serial_shops, shop, lemuel_tele_altar
Temple:   eino_temple_water

Skill      XL: |  1  2  3  4  5  6  7  8  9 10 |
---------------+-------------------------------+-----
Stealth        | 2 3 5 |  5.2
Dodging        | 2 3 4 |  4.4
Fighting       | 1 2 3 4 5 |  5.3
Spellcasting   | 3 4 5 6 7 |  7.2
Conjurations   | 5 6 7 8 |  8.5
Ice Magic      | 2 5 |  5.8
Summonings     | 2 3 |  3.8
Hexes          | 2 |  2.0
Slings         | |  0.3
Unarmed Combat | |  0.1

Action                   |  1- 3 |  4- 6 |  7- 9 | 10-12 || total
-------------------------+-------+-------+-------+-------++-------
Melee: Unarmed           |    30 |       |       |       ||    30
       Dagger            |    30 |    35 |   230 |     1 ||   296
       Kick              |     6 |     2 |       |       ||     8
       Falchion          |       |       |       |     6 ||     6
 Fire: Hunting sling     |     7 |    25 |       |       ||    32
 Cast: Magic Dart        |    55 |    60 |    63 |    33 ||   211
       Searing Ray       |       |    10 |    78 |    26 ||   114
       Fulminant Prism   |       |       |    11 |    10 ||    21
       Summon Ice Beast  |       |       |       |     2 ||     2
       Hailstorm         |       |       |       |     1 ||     1
  Use: Scroll            |       |       |     5 |     3 ||     8
 Stab: Sleeping          |     4 |     1 |     3 |       ||     8
       Distracted        |       |       |     1 |       ||     1
Armor: Robe              |    12 |     7 |    64 |       ||    83
       Steam dragon scal |       |       |    13 |    13 ||    26
Dodge: Dodged            |    49 |    47 |   169 |    17 ||   282
       Rpst.: Falchion   |       |       |       |     4 ||     4

Table legend: (Time is in decaauts)
 A = Elapsed time spent in this place.
 B = Non-inter-level travel time spent in this place.
 C = Inter-level travel time spent in this place.
 D = Time resting spent in this place.
 E = Time spent auto-exploring this place.
 F = Levels seen in this place.
 G = Mean time per level.
                   A        B        C        D        E       F      G
               +--------+--------+--------+--------+--------+-----+--------+
         Total |  11713 |  11513 |    200 |   3956 |   4567 |  11 | 1064.8 |
       Dungeon |  10698 |  10498 |    200 |   3377 |   4567 |   9 | 1188.7 |
        Temple |      1 |      1 |      0 |      0 |      0 |   1 |    1.0 |
       Ossuary |   1013 |   1013 |      0 |    579 |      0 |   1 | 1013.0 |
               +--------+--------+--------+--------+--------+-----+--------+

Top non-repeatable levels by time:
     D:4: 1854 daAuts
     D:1: 1559 daAuts
     D:6: 1522 daAuts
     D:7: 1207 daAuts
     D:5: 1136 daAuts
     D:8: 1104 daAuts
 Ossuary: 1013 daAuts
     D:2: 1005 daAuts
     D:3: 708 daAuts
     D:9: 599 daAuts
  Temple: 1 daAuts
